 Dungeon Crawl Stone Soup version 0.27.0-1-g7a089689b8 (webtiles) character file.

Game seed: 1135995748003854191

4869 backslashecho the Cleaver (level 10, -1/66 HPs)
             Began as a Gargoyle Berserker on Aug 1, 2021.
             Was a Priest of Trog.
             Slain by a death yak (11 damage)
             ... on level 8 of the Dungeon.
             The game lasted 00:22:35 (10264 turns).

backslashecho the Cleaver (Gargoyle Berserker)     Turns: 10264, Time: 00:22:36

Health: -1/66      AC: 23    Str: 24    XL:     10   Next: 50%
Magic:  10/10      EV:  9    Int:  8    God:    Trog [***...]
Gold:   306        SH:  0    Dex:  9    Spells: 9/9 levels left

rFire    . . .     SeeInvis .   a - +0 war axe
rCold    . . .     Faith    .   (no shield)
rNeg     + + .     Spirit   .   w - +4 chain mail {rN+}
rPois    ∞         Reflect  .   (no helmet)
rElec    +         Harm     .   q - +0 cloak
rCorr    .         Rampage  .   (no gloves)
Will     ++...                  (no boots)
Stlth    ..........             (no amulet)
HPRegen  1.21/turn              (no ring)
MPRegen  0.12/turn              (no ring)

@: brilliant, strong-willed, on berserk cooldown, regenerating
A: sickness immunity, AC +7, negative energy resistance 1, electricity
resistance, torment resistance 1, petrification resistance
a: Renounce Religion, Berserk, Trog's Hand


You were on level 8 of the Dungeon.
You worshipped Trog.
Trog was most pleased with you.
You visited 2 branches of the dungeon, and saw 10 of its levels.

You collected 351 gold pieces.
You spent 45 gold pieces at shops.

Inventory:

Hand Weapons
 a - a +0 war axe (weapon)
Missiles
 j - 34 poisoned darts (quivered)
Armour
 q - a +0 cloak (worn)
 w - a +4 chain mail of positive energy (worn)
Jewellery
 h - a ring of flight
 s - a ring of protection from fire
Wands
 p - a wand of flame (13)
 t - a wand of iceblast (23)
Scrolls
 c - 2 scrolls of identify
 f - a scroll of immolation {unknown}
 g - 3 scrolls of teleportation
 l - a scroll of magic mapping {unknown}
 m - 2 scrolls of blinking {unknown}
 n - 2 scrolls of enchant weapon {unknown}
 o - a scroll of enchant armour {unknown}
 v - 3 scrolls of fog {unknown}
Potions
 d - a potion of brilliance
 e - a potion of cancellation {unknown}
 k - a potion of berserk rage {unknown}
 u - a potion of lignification
 x - a potion of haste {unknown}


   Skills:
 - Level 9.0 Fighting
 * Level 10.2 Axes
 + Level 8.6 Armour
 + Level 1.5 Dodging
 - Level 1.0 Unarmed Combat


You had 9 spell levels left.
You didn't know any spells.
Your spell library was empty.

Dungeon Overview and Level Annotations

Branches:
Dungeon (9/15)             Temple (1/1) D:5            Lair (0/6) D:8
    Orc: D:9-12

Altars:
Gozag
Qazlal
Wu Jian
Xom
Zin

Shops:
D:8 !


Innate Abilities, Weirdness & Mutations

You are immune to sickness and miasma.
Your stone body is resilient. (AC +7)
You are immune to poison.
You resist negative energy. (rN+)
You are resistant to electric shocks. (rElec)
You are resistant to unholy torment.
You are immune to petrification.


Message History

You hit the death yak.
The death yak is heavily wounded.
The death yak gores you.
* * * LOW HITPOINT WARNING * * *
The death yak gores you but does no damage.
You take 2 damage, and have 18/99 hp.
Your skin crawls.
You feel strong-willed. The death yak gores you.
* * * LOW HITPOINT WARNING * * *
You hit the death yak.
The death yak is heavily wounded.
The death yak gores you but does no damage. x2
You regained 2 hp, and now have 21/99 hp.
You hit the death yak but do no damage.
The death yak is heavily wounded.
You feel less wooden.
Your +0 cloak unmelds from your body.
Your +4 chain mail of positive energy unmelds from your body.
You feel more protected from negative energy.
The death yak completely misses you.
You now have 15/66 hp.
You barely miss the death yak.
The death yak is heavily wounded.
The death yak gores you!
* * * LOW HITPOINT WARNING * * *
The death yak gores you.
* * * LOW HITPOINT WARNING * * *
You take 8 damage, and have 7/66 hp.
Unknown command.
You feel better. The death yak gores you!
* * * LOW HITPOINT WARNING * * *
Okay, then.
Okay, then.
As you read the scroll labelled JOSTRA OSTRETITURCHE, it crumbles to dust.
It is a scroll of identify.
g - 3 scrolls of teleportation You feel yourself speed up.
The death yak gores you!
You die...

##.##
.....######.# #.#
##### ##.## #.#
#Y..#
#.##############
#...#
#.†....##......#
#Y..#
######.##.####.#
#.### #.....[.##.#
#.#
##.##.#<##.#####.#
####...@Y.......#
##############


You could see a death yak.

Vanquished Creatures
  A two-headed ogre (D:7)
  2 death yaks (D:7)
  Pikel (D:6)
  Prince Ribbit (D:7)
  Duvessa (D:6)
  An orc warrior (D:8)
  A black bear (D:7)
  2 necrophages
  3 ogres
  A centaur (D:7)
  Blork the orc (D:4)
  A bullfrog (D:7)
  2 wyvern zombies
  A gnoll sergeant (D:7)
  A scorpion (D:4)
  Dowan (D:6)
  10 wights
  A bullfrog zombie (D:6)
  4 howler monkeys (D:8)
  A centaur zombie (D:7)
  A jelly (D:5)
  A gnoll shaman (D:6)
  Crazy Yiuf (D:4)
  A hound (D:7)
  4 centaur skeletons
  11 gnolls
  2 howler monkey skeletons
  9 adders
  A shadow imp (D:5)
  4 white imps
  3 worms
  2 dart slugs
  13 orcs
  6 endoplasms
  9 giant cockroaches
  7 goblins
  8 hobgoblins
  4 jackals (D:3)
  5 quokkas
  5 ball pythons
  6 bats
  8 frilled lizards
  6 kobolds
  A quokka skeleton (D:2)
  7 rats
162 creatures vanquished.

Vanquished Creatures (others)
  2 fungi (D:4)
2 creatures vanquished.

Grand Total: 164 creatures vanquished

Notes
Turn   | Place    | Note
-------+----------+-------------------------------------------
     0 | D:1      | backslashecho the Gargoyle Berserker began the quest for
                  | the Orb.
     0 | D:1      | Reached XP level 1. HP: 14/14 MP: 1/1
   432 | D:1      | Reached XP level 2. HP: 19/19 MP: 2/2
   561 | D:1      | Reached skill level 3 in Axes
   861 | D:1      | Reached ** piety under Trog
   975 | D:1      | Reached XP level 3. HP: 18/23 MP: 3/3
  1465 | D:2      | Reached skill level 1 in Unarmed Combat
  1625 | D:2      | Reached XP level 4. HP: 29/29 MP: 4/4
  2205 | D:2      | Found a stormy altar of Qazlal.
  2522 | D:2      | Found a faded altar of an unknown god.
  2884 | D:3      | Reached XP level 5. HP: 28/33 MP: 5/5
  2937 | D:3      | Reached skill level 4 in Axes
  3772 | D:4      | Found an ornate altar of the Wu Jian Council.
  3982 | D:4      | Reached *** piety under Trog
  4028 | D:4      | Reached XP level 6. HP: 30/39 MP: 6/6
  4419 | D:4      | Noticed Blork the orc
  4429 | D:4      | Killed Blork the orc
  4430 | D:4      | Reached skill level 5 in Axes
  4620 | D:4      | You fall into a shaft and drop 3 floors!
  4648 | D:7      | Reached skill level 5 in Fighting
  4648 | D:7      | Reached XP level 7. HP: 33/44 MP: 7/7
  4843 | D:7      | Noticed an angel
  4844 | D:7      | Found a shimmering altar of Xom.
  4844 | D:7      | Found a glowing silver altar of Zin.
  4850 | D:6      | Noticed Dowan
  4856 | D:6      | Found an opulent altar of Gozag.
  4861 | D:6      | Noticed Duvessa
  4906 | D:6      | Killed Dowan
  4943 | D:6      | Noticed Pikel
  4965 | D:6      | Killed Pikel
  4966 | D:6      | Reached skill level 6 in Axes
  4966 | D:6      | Reached skill level 5 in Armour
  4966 | D:6      | Reached XP level 8. HP: 21/51 MP: 8/8
  5286 | D:5      | Entered Level 5 of the Dungeon
  5504 | D:4      | Found a runed translucent door.
  5505 | D:4      | Noticed Crazy Yiuf
  5512 | D:4      | Killed Crazy Yiuf
  6107 | D:5      | Found a staircase to the Ecumenical Temple.
  6130 | Temple   | Entered the Ecumenical Temple
  6473 | D:6      | You fall into a shaft and drop 2 floors!
  6514 | D:8      | Reached skill level 7 in Axes
  6763 | D:8      | Noticed a death yak
  6764 | D:8      | Noticed a death yak
  6764 | D:8      | Noticed a yak
  6764 | D:8      | Noticed a yak
  6764 | D:8      | Noticed a death yak
  6802 | D:8      | Found Dogi's Distillery.
  6809 | D:8      | HP: 2/52 [wight (8)]
  7307 | D:6      | Killed Duvessa
  7458 | D:6      | Reached XP level 9. HP: 34/56 MP: 9/9
  7784 | D:6      | Reached skill level 8 in Axes
  7924 | D:7      | Identified the +6 dagger of Callousness {flame, Str+4}
  8485 | D:7      | Noticed Prince Ribbit
  8525 | D:7      | Killed Prince Ribbit
  9088 | D:7      | Noticed a two-headed ogre
  9098 | D:7      | Killed a two-headed ogre
  9099 | D:7      | Reached skill level 9 in Axes
  9272 | D:7      | Noticed a cyclops
  9515 | D:7      | Reached XP level 10. HP: 64/64 MP: 10/10
  9558 | D:8      | Bought a potion of lignification for 45 gold pieces
  9635 | D:8      | Reached **** piety under Trog
  9677 | D:7      | Killed a death yak
  9900 | D:8      | Found a staircase to the Lair.
  9983 | D:8      | Noticed a death yak
 10152 | D:8      | Noticed a death yak
 10189 | D:7      | Killed a death yak
 10190 | D:7      | Reached skill level 10 in Axes
 10264 | D:8      | Slain by a death yak

Illustrated notes

Levels and vault maps discovered:
D:1:      giann_wishing_wells, layout_basic
D:2:      layout_basic, basic_altar, shapermc_ecumenical_altar_petra
D:3:      layout_loops_ring
D:4:      layout_loops_ring, mainiacjoe_overflow_alcove_1,
          kennysheep_generic_room_13, uniq_blork_the_orc,
          uniq_crazy_yiuf_cottage
D:5:      layout_loops_ring, minmay_temple_entry_large_hall
D:6:      layout_basic, mainiacjoe_overflow_concentric_impassable, uniq_pikel,
          uniq_duvessa
D:7:      layout_basic, grunt_temple_overflow_order_and_chaos_1, wad_mini_maze,
          uniq_prince_ribbit1
D:8:      layout_loops_cross, dpeg_lair_monsters, serial_shops,
          nicolae_stop_n_shop_1
D:9:      minmay_the_grid_triangle_9x9_rhombus_full
          [minmay_the_grid_triangle_9x9_minimal,
          minmay_the_grid_triangle_9x9_flanged_cone,
          minmay_the_grid_triangle_9x9_pentomino_pain,
          minmay_the_grid_triangle_9x9_impossible_snake,
          minmay_the_grid_triangle_9x9_cache,
          minmay_the_grid_triangle_9x9_alien,
          minmay_the_grid_triangle_9x9_corruption,
          minmay_the_grid_triangle_9x9_prize_insulated], layout_cave_pools,
          minivault_25
Temple:   regret_index_temple_sphere_string

Skill      XL: |  1  2  3  4  5  6  7  8  9 10 |
---------------+-------------------------------+-----
Axes           | 3 4 5 6 7 9 10 | 10.2
Unarmed Combat | 1 |  1.0
Armour         | 3 4 5 6 7 8 |  8.6
Fighting       | 4 5 6 8 9 |  9.0
Dodging        | |  1.5

Action                   |  1- 3 |  4- 6 |  7- 9 | 10-12 || total
-------------------------+-------+-------+-------+-------++-------
Melee: Hand axe          |    80 |   280 |   293 |       ||   653
       War axe           |       |       |     9 |    99 ||   108
       Punch             |       |       |     1 |       ||     1
Throw: Throwing net      |       |     2 |       |       ||     2
       Dart              |       |       |    24 |       ||    24
Invok: Berserk           |     1 |     3 |    11 |     3 ||    18
       Trog's Hand       |       |       |     6 |     5 ||    11
       Brothers in Arms  |       |       |       |     1 ||     1
Evoke: Wand              |       |       |     2 |       ||     2
  Use: Potion            |       |       |       |     5 ||     5
       Scroll            |       |       |       |     1 ||     1
 Stab: Sleeping          |     2 |       |       |       ||     2
Armor: Animal skin       |    26 |     2 |       |       ||    28
       Ring mail         |       |   167 |     8 |       ||   175
       Chain mail        |       |       |   161 |    34 ||   195
       Skin              |       |       |       |    16 ||    16
Dodge: Dodged            |    67 |   203 |   112 |    28 ||   410
